Map: Habitation Station LE

Players

Solar

  • Race: Zerg Zerg
  • Spawn Location: 11:00

Maru - Winner!

  • Race: Terran Terran
  • Spawn Location: 1:00

Event: IEM Season 11 - Gyeonggi

VOD

https://www.youtube.com/watch?v=4w5TLsau6Go

Description

Time

  • Played on: Dec. 14, 2016, 2:07 a.m.
  • Length: 13:48

All games in this series

Show
View Real Time Build Order
Export as new Build Order

Solar Zerg 

Build Orders: Hatch First 

Get SALT Encoding   

  12  0:00  Drone  
  13  0:13  Overlord  
  13  0:16  Drone  
  14  0:31  Drone x2  
  16  0:38  Drone  
  17  0:53  Hatchery  
  17  0:55  Drone  
  17  1:00  Drone  
  18  1:05  Extractor  
  17  1:15  Spawning Pool  
  17  1:16  Drone  
  17  1:19  Drone  
  18  1:29  Drone  
  19  1:40  Overlord  
  19  2:01  Zergling x4  
  19  2:02  Queen  
  19  2:05  Zergling x2  
  19  2:06  Queen  
  26  2:09  Metabolic Boost  
  26  2:12  Drone  
  27  2:17  Drone  
  27  2:22  Drone  
  29  2:26  Drone  
  30  2:33  Drone  
  31  2:37  Drone  
  31  2:41  Queen  
  34  2:44  Overlord  
  34  2:46  Pneumatized Carapace  
  34  2:49  Drone  
  35  2:55  Drone  
  36  3:03  Drone  
  37  3:06  Overlord  
  37  3:10  Extractor  
  37  3:11  Drone  
  37  3:13  Drone x2  
  37  3:17  Drone x3  
  43  3:20  Drone  
  44  3:28  Hatchery  
  44  3:30  Drone  
  44  3:31  Drone  
  44  3:33  Drone  
  46  3:35  Drone  
  46  3:40  Overlord  
  47  3:51  Queen x2  
  47  3:54  Drone  
  52  3:59  Drone  
  52  4:00  Overlord  
  52  4:01  Drone  
  52  4:02  Drone  
  55  4:03  Drone x2  
  55  4:04  Drone  
  58  4:10  Evolution Chamber  
  58  4:11  Evolution Chamber  
  58  4:12  Zergling x2  
  58  4:16  Zergling x2  
  58  4:22  Zergling x2  
  58  4:23  Zergling x6  
  62  4:27  Queen x2  
  62  4:29  Overlord  
  66  4:38  Zerg Ground Armor Level 1, Zerg Melee Weapons Level 1  
  66  4:41  Zergling x4  
  66  4:42  Zergling x2  
  68  4:45  Queen  
  68  4:48  Zergling x4  
  68  4:51  Zergling x2  
  73  4:56  Overlord  
  73  4:57  Zergling x2  
  74  5:00  Zergling x10  
  74  5:03  Baneling Nest  
  74  5:04  Drone  
  79  5:07  Drone  
  79  5:08  Zergling x2  
  79  5:11  Drone  
  79  5:13  Drone  
  80  5:17  Drone x2  
  80  5:18  Drone x2  
  81  5:21  Drone  
  81  5:25  Extractor  
  81  5:26  Drone  
  82  5:29  Overlord  
  82  5:33  Drone  
  82  5:34  Spore Crawler  
  82  5:37  Zergling x2  
  82  5:38  Zergling x10  
  82  5:39  Zergling x2  
  82  5:41  Lair  
  89  5:46  Extractor  
  89  5:48  Drone, Hatchery, Extractor  
  89  5:49  Drone x2  
  89  5:50  Baneling  
  89  5:52  Baneling  
  89  5:53  Overlord  
  89  5:55  Overlord  
  89  5:58  Overlord  
  89  5:59  Baneling  
  89  6:01  Overlord  
  89  6:10  Overlord  
  89  6:13  Drone x3  
  89  6:14  Drone x2  
  89  6:15  Drone x2  
  89  6:16  Drone x2  
  89  6:17  Drone  
  99  6:20  Drone x2, Baneling  
  99  6:23  Drone  
  99  6:25  Drone x3  
  105  6:34  Baneling x2  
  105  6:39  Zergling x6  
  108  6:46  Hatchery  
  106  6:48  Zergling x6  
  106  6:51  Overseer  
  106  6:52  Zergling x2  
  106  6:53  Zergling x2  
  111  7:00  Zergling x20  
  119  7:04  Zergling x2  
  116  7:09  Zergling x6  
  116  7:13  Centrifical Hooks  
  116  7:14  Zerg Ground Armor Level 2, Zerg Melee Weapons Level 2  
  115  7:16  Zergling x2  
  115  7:19  Zergling x6  
  115  7:22  Baneling x3, Zergling x2  
  116  7:25  Zergling x12  
  119  7:31  Drone x2  
  119  7:33  Drone x2  
  123  7:38  Baneling  
  123  7:42  Infestation Pit  
  123  7:43  Drone x4  
  126  7:47  Spore Crawler  
  122  7:53  Drone x4  
  122  7:56  Zergling x12  
  122  7:57  Queen  
  134  7:59  Drone  
  134  8:04  Drone  
  134  8:05  Overlord  
  136  8:06  Zergling x2  
  137  8:14  Zergling x2  
  137  8:15  Zergling x8  
  137  8:17  Baneling x6  
  137  8:19  Overlord  
  142  8:23  Drone x2  
  142  8:24  Overlord  
  140  8:31  Zergling x8  
  140  8:32  Zergling x2  
  123  8:35  Zergling x12  
  123  8:37  Baneling x4  
  123  8:38  Baneling x3, Zergling x4  
  131  8:43  Hive  
  131  8:46  Extractor, Zergling x10  
  133  8:48  Zergling x2  
  133  8:50  Zergling x2  
  132  8:56  Spore Crawler, Zergling x8  
  132  9:00  Spire  
  132  9:02  Zergling x2  
  135  9:04  Zergling x4  
  135  9:05  Hatchery  
  135  9:08  Zergling x4  
  134  9:13  Zergling x2  
  134  9:14  Zergling x8  
  130  9:21  Zergling x18  
  130  9:22  Zergling x2  
  130  9:29  Overseer  
  128  9:35  Zergling x12  
  128  9:38  Zergling x6  
  137  9:40  Baneling  
  137  9:41  Baneling x12  
  137  9:42  Hatchery  
  137  9:45  Zergling x4  
  138  9:50  Zergling x6  
  138  9:51  Overseer  
  138  9:52  Baneling x2  
  136  9:53  Zergling x4  
  136  9:54  Zergling x2  
  136  9:58  Baneling x4  
  136  9:59  Zergling x2  
  140  10:00  Zergling x8  
  140  10:05  Baneling  
  140  10:06  Baneling x9, Zergling x10  
  141  10:08  Zergling x2  
  141  10:09  Zergling x2  
  141  10:10  Zergling x2  
  141  10:11  Zergling x4  
  141  10:13  Zergling x2  
  141  10:14  Zergling x2  
  141  10:16  Zergling x6  
  141  10:20  Zergling x6  
  147  10:25  Zergling x6  
  147  10:28  Baneling x4  
  140  10:30  Zergling x2  
  140  10:33  Zergling x6  
  140  10:38  Zerg Flyer Weapons Level 1, Corruptor x2  
  142  10:43  Zerg Ground Armor Level 3  
  142  10:44  Zergling x4  
  142  10:45  Zergling x2  
  142  10:48  Zergling x6  
  143  10:51  Zergling x6  
  143  10:53  Zergling x4  
  147  10:57  Baneling x5  
  147  10:58  Baneling x3  
  147  10:59  Baneling  
  147  11:02  Overlord x2  
  147  11:05  Zergling x8  
  147  11:08  Zergling x4  
  147  11:09  Zergling x2  
  154  11:15  Zergling x10  
  148  11:19  Adrenal Glands  
  148  11:24  Corruptor  
  148  11:26  Zergling x8  
  148  11:31  Zergling x8  
  155  11:38  Corruptor x2  
  159  11:42  Overlord  
  159  11:43  Extractor  
  159  11:44  Corruptor  
  159  11:46  Zergling x2  
  159  11:47  Zergling x8  
  165  11:50  Baneling x2  
  165  11:51  Overlord  
  163  11:55  Zergling x2  
  163  11:58  Overlord  
  163  12:00  Overlord  
  158  12:01  Overlord  
  158  12:04  Baneling  
  158  12:05  Corruptor, Baneling x3  
  158  12:07  Zergling x10  
  150  12:09  Zergling x2  
  150  12:10  Zergling x2  
  150  12:11  Zergling x2  
  146  12:19  Zergling x14  
  146  12:21  Zergling x6  
  141  12:29  Zergling x12  
  145  12:33  Corruptor  
  131  12:39  Zergling x10  
  131  12:40  Zergling x2  
  129  12:44  Zergling x2  
  129  12:45  Zergling x6  
  129  12:47  Baneling  
  129  12:48  Baneling x3  
  129  12:49  Overseer  
  124  12:58  Zergling x2  
  124  12:59  Zergling x6  
  124  13:05  Hatchery  
  127  13:07  Baneling x4  
  127  13:08  Baneling x3  
  127  13:11  Zergling x6  
  126  13:19  Zergling x4  
  126  13:20  Zergling x4  
  126  13:24  Zergling x6  
  120  13:27  Zergling x2  
  120  13:28  Zergling x2  
  120  13:29  Baneling x3  
  120  13:30  Baneling  
  120  13:32  Hatchery  
Show
View Real Time Build Order
Export as new Build Order

Maru Terran - Winner!

Build Orders: Reaper Expand, MMM Bio 

Get SALT Encoding   

  12  0:00  SCV  
  13  0:12  SCV  
  14  0:17  Supply Depot  
  14  0:24  SCV  
  15  0:39  SCV  
  15  0:41  Barracks  
  16  0:45  Refinery  
  16  0:51  SCV  
  17  1:03  SCV  
  18  1:15  SCV  
  19  1:27  Orbital Command  
  19  1:28  Reaper  
  20  1:38  Command Center  
  20  1:49  Barracks  
  20  1:53  SCV  
  21  1:58  Refinery  
  21  2:01  Barracks Reactor  
  21  2:05  SCV  
  22  2:10  Supply Depot  
  22  2:17  SCV  
  23  2:32  SCV  
  23  2:34  Factory  
  24  2:38  Barracks Tech Lab, Marine  
  24  2:39  Marine  
  27  2:44  SCV  
  27  2:55  Orbital Command  
  27  2:56  Marine x2, SCV  
  30  3:01  Stimpack  
  30  3:08  SCV  
  31  3:14  Marine x3  
  34  3:20  SCV  
  34  3:23  Starport  
  35  3:27  Factory Reactor  
  35  3:29  SCV  
  35  3:32  SCV  
  35  3:33  Marine x2  
  39  3:35  Marine  
  40  3:41  SCV, Supply Depot  
  40  3:44  SCV  
  42  3:53  SCV  
  43  3:55  Marine x2  
  43  3:56  Marine  
  43  4:00  Supply Depot  
  46  4:03  SCV  
  46  4:05  SCV  
  46  4:07  Medivac x2  
  52  4:12  Supply Depot  
  52  4:13  Marine x2  
  54  4:22  Marine, SCV  
  54  4:23  Engineering Bay  
  56  4:24  SCV  
  56  4:25  Engineering Bay  
  56  4:31  Supply Depot, Widow Mine  
  57  4:34  Marine, SCV  
  61  4:40  Marine, SCV  
  61  4:42  Medivac  
  65  4:46  SCV  
  65  4:50  Terran Infantry Weapons Level 1  
  65  4:51  Marine  
  65  4:52  Marine  
  68  4:53  SCV  
  68  4:58  Marine  
  70  5:01  Combat Shields  
  70  5:03  SCV  
  71  5:09  Marine, SCV, Terran Infantry Armor Level 1  
  71  5:10  Marine  
  74  5:16  SCV  
  74  5:18  Marine  
  71  5:21  SCV  
  71  5:24  Refinery, Factory Reactor  
  71  5:25  Command Center  
  71  5:27  Marine  
  71  5:28  Marine, SCV  
  74  5:31  Supply Depot  
  74  5:33  SCV  
  74  5:36  Marine  
  74  5:38  Liberator  
  74  5:40  SCV  
  76  5:45  SCV  
  77  5:50  Barracks  
  77  5:51  Barracks  
  77  5:52  SCV  
  81  5:57  Barracks  
  81  6:00  Supply Depot  
  81  6:02  Refinery  
  81  6:03  SCV  
  82  6:06  SCV  
  82  6:11  Marine  
  84  6:15  Marine, SCV  
  86  6:21  SCV, Widow Mine x2  
  86  6:24  Supply Depot  
  91  6:26  Medivac  
  91  6:27  SCV  
  91  6:32  Armory  
  94  6:36  Marine x2  
  96  6:42  Barracks Reactor x2  
  96  6:49  Barracks Reactor  
  96  6:50  Marine, Widow Mine x2  
  101  6:54  Marine x2  
  101  6:56  Supply Depot  
  101  7:05  Medivac  
  101  7:06  SCV, Medivac  
  101  7:07  Marine  
  101  7:08  SCV  
  107  7:12  Marine x2, Orbital Command  
  105  7:23  Marine x3  
  105  7:25  Marine  
  105  7:28  SCV, Widow Mine  
  105  7:29  Widow Mine  
  113  7:30  Marine x3  
  113  7:33  SCV  
  113  7:35  Medivac  
  113  7:36  Medivac  
  121  7:39  SCV, Supply Depot x2  
  121  7:40  SCV  
  123  7:49  SCV  
  124  7:55  Marine  
  125  7:59  Supply Depot  
  125  8:00  Widow Mine x2  
  125  8:01  Marine x7, Marauder  
  138  8:08  Liberator  
  135  8:13  Marine, Terran Infantry Weapons Level 2, Terran Infantry Armor Level 2  
  135  8:17  Barracks  
  135  8:18  Barracks, Marine x2  
  135  8:19  Barracks  
  138  8:23  Marauder  
  138  8:24  Marine  
  138  8:25  Marine  
  143  8:34  Marine x2  
  139  8:38  SCV  
  139  8:41  SCV  
  143  8:42  SCV  
  143  8:43  Supply Depot x2  
  143  8:44  Marauder  
  141  8:50  SCV  
  141  8:53  Marine x4  
  141  8:54  Marine x4  
  146  8:58  SCV x2  
  146  8:59  Refinery  
  146  9:02  SCV  
  149  9:03  Supply Depot  
  149  9:05  Marauder  
  149  9:09  Liberator  
  150  9:10  SCV  
  150  9:15  Marine x2  
  141  9:20  SCV x2  
  141  9:22  Marine x3, Liberator  
  137  9:27  Marauder  
  141  9:34  Barracks Tech Lab  
  141  9:35  Barracks Tech Lab, Barracks Reactor  
  141  9:36  Marine x3  
  141  9:37  Widow Mine x2  
  150  9:46  Supply Depot  
  150  9:47  Missile Turret  
  150  9:48  Marauder  
  150  9:52  Marine x6, Liberator  
  158  10:03  Marine  
  158  10:04  Marauder  
  158  10:05  Liberator  
  159  10:09  Marauder  
  155  10:17  Marine x9, Marauder  
  166  10:21  Marine  
  166  10:22  Supply Depot  
  165  10:31  Terran Infantry Weapons Level 3  
  165  10:33  Marine, Marauder  
  165  10:34  Marine  
  165  10:35  Marine  
  167  10:37  Command Center  
  167  10:42  Terran Infantry Armor Level 3  
  164  10:43  Marine x5  
  156  10:58  Marine x4, Marauder  
  156  10:59  Marine, Marauder x2  
  156  11:00  Marine, Concussive Shells  
  156  11:01  Marine x4  
  172  11:09  Widow Mine x2  
  172  11:10  Medivac x2  
  174  11:27  Marine x2, Marauder x2  
  174  11:30  Marine  
  174  11:31  Marauder, Liberator  
  183  11:34  Marine x4  
  183  11:35  Marine x3  
  183  11:36  Liberator  
  183  11:38  Refinery  
  188  11:49  Marauder  
  188  11:53  Marine  
  188  11:54  Marine x5, Marauder  
  192  12:04  SCV x2  
  192  12:05  Marine  
  192  12:06  Marauder  
  186  12:10  SCV  
  186  12:14  Liberator  
  179  12:16  Marine, SCV x2, Marauder  
  179  12:19  Liberator, Planetary Fortress  
  182  12:35  Marine, Marauder  
  185  12:40  Marine x2, Marauder  
  178  12:49  Command Center  
  178  12:50  Marine x6, Marauder  
  179  13:03  Marine  
  179  13:04  Marine x2, Marauder x2  
  181  13:14  Medivac, Widow Mine  
  187  13:20  Marine  
  187  13:21  Marauder  
  187  13:23  Marine  
  187  13:24  Marine  
  187  13:25  Marauder  
  190  13:29  Marine  
  190  13:30  Marine  

Tags
 
Add a new tag
Caveats
  • Supply blocks, unpowered buildings, or Contaminate may cause inaccurate times.
  • Supply counts are checked every 10 seconds.